 Dungeon Crawl Stone Soup version 0.17-a0-963-gaa5423c (webtiles) character file.

161 Gorice the Bolt Thrower (level 5, -3/38 HPs)
             Began as a Formicid Wanderer on May 8, 2015.
             Slain by an ogre
             ... wielding a +0 giant spiked club
              (14 damage)
             ... on level 4 of the Dungeon.
             The game lasted 00:18:34 (2859 turns).

Gorice the Bolt Thrower (Formicid Wanderer)         Turns: 2859, Time: 00:18:34

Health: -3/38      AC:  6    Str: 16    XL:     5   Next: 70%
Magic:  5/6        EV:  9    Int: 13    God:
Gold:   99         SH:  0    Dex: 10    Spells: 2 memorised, 3 levels left

rFire  . . .     SeeInvis +     a - +0 flail
rCold  + . .     Clarity  .     j - +0 scale mail {rC+}
rNeg   . . .     SustAb   .     (no shield)
rPois  .         Gourm    .     (helmet unavailable)
rElec  .         Spirit   .     (no cloak)
rCorr  .         Warding  .     (no gloves)
rMut   .         Stasis   +     (no boots)
MR     .....                    (no amulet)
Stlth  ..........               (no ring)
                                (no ring)

@: not resistant to hostile enchantments, extremely unstealthy
A: permanent stasis, dig shafts and tunnels, four strong arms, antennae 3
a: Dig, Shaft Self


You were on level 4 of the Dungeon.
You were not hungry.

You visited 1 branch of the dungeon, and saw 4 of its levels.

You collected 141 gold pieces.
You spent 42 gold pieces at shops.

Inventory:

Hand weapons
 a - a +0 flail (weapon)
 b - a +2 hand crossbow
 m - a +0 vampiric whip
   (You found it on level 1 of the Dungeon)
 w - a +0 war axe
Missiles
 n - 5 tomahawks (quivered)
 x - 3 bolts
 Z - 102 stones
Armour
 e - a +0 robe
 g - a +0 ring mail
 i - a +0 chain mail
 j - a +0 scale mail of cold resistance (worn)
   (You found it on level 2 of the Dungeon)
 s - a +0 buckler
Magical devices
 p - a wand of fireball (8)
 u - a wand of paralysis (12)
Scrolls
 q - 2 scrolls of identify
Potions
 d - 3 potions of lignification {!q}
 h - a potion of curing
 o - a potion of flight
 z - a potion of heal wounds {!q}
Books
 c - Alistair's Papyrus of Contamination

   Spells                             Type                      Level
   a - Sting                          Conjuration/Poison           1
   b - Cure Poison                    Poison                       2
Comestibles
 f - a bread ration {!e}
 k - a beef jerky
 t - 2 fruits
 v - 7 chunks of flesh


   Skills:
 - Level 2.1 Fighting
 - Level 5.6 Crossbows
 - Level 1.0 Throwing
 - Level 1.2 Stealth
 - Level 1.1 Spellcasting
 + Level 0.6 Conjurations
 + Level 3.2 Poison Magic


You had 3 spell levels left.
You knew the following spells:

 Your Spells              Type           Power        Failure   Level  Hunger
a - Sting                 Conj/Pois      #...         54%         1    ##.....
b - Cure Poison           Pois           #.........   41%         2    ###....


Dungeon Overview and Level Annotations

Branches:
Dungeon (4/15)
 Temple: D:4-7

Altars:
Fedhas
Trog
The Shining One

Shops:
D:4 ?

Annotations:
D:3 pUX: gnoll fort!, exclusion: 4 doors


Innate Abilities, Weirdness & Mutations

You are under a permanent stasis effect.
You can dig through walls and to a lower floor.
Your four strong arms can wield two-handed weapons with a shield.
You have a pair of large antennae on your head (SInv).


Message History

The orc is lightly wounded.
The orc hits you but does no damage.
You hit the orc.
The orc is almost dead.
The orc hits you with a club.
Damage: 5 (max 9)
You hit the orc.
You kill the orc!
Things that are here:
a club; a leather armour
Things that are here:
a flail; a leather armour There isn't anything to butcher here.
A giant newt comes into view.
The giant newt barely misses you.
You sock the giant newt!
You kill the giant newt!
Found a stone staircase leading up.
You see here a giant newt corpse.
You butcher the giant newt corpse.
v - 8 chunks of flesh (gained 1) Some of the chunks of flesh in your inventory have rotted away.
There is a stone staircase leading up here.
Warning, next level annotated: pUX: gnoll fort!, exclusion: 4 doors Enter next level anyway?
You climb upwards.
There is a stone staircase leading down here.
You climb downwards.
There is a stone staircase leading up here.
Found a blossoming altar of Fedhas.
You now have 99 gold pieces (gained 9).
You sense a monster nearby.
An ogre comes into view. It is wielding a giant spiked club.
The ogre shouts!
You hit the ogre.
The ogre is moderately wounded.
The ogre hits you with a giant spiked club!!
Ouch! That really hurt!
* * * LOW HITPOINT WARNING * * *
Damage: 19 (max 19) Unknown command.
Casting: Sting
Confirm with . or Enter, or press ? or * to list all spells.
Aiming: Sting
Press: ? - help, Shift-Dir - straight line, f - ogre
Aim: an ogre, wielding a giant spiked club (moderately wounded)
The sting hits the ogre.
The ogre is moderately wounded.
The ogre hits you with a giant spiked club!
You die...

#..................
#.#####............#
#.# #........#.#..
#.# #........# ...
#.# #......#.#....
#.# ###....._....#
#.# #....#.#....
#.##########...###..
#..O@.......####
###########.# #.#
... .... ......
.....## ......#


You could see an ogre.

Vanquished Creatures
  5 gnolls (D:3)
  2 adders
  An ooze (D:2)
  3 worms (D:2)
  6 orcs
  A ball python (D:1)
  5 bats
  A giant cockroach (D:2)
  3 goblins
  7 hobgoblins
  17 jackals
  3 giant geckos
  7 giant newts
  9 kobolds
  5 rats
  A plant (D:3)
76 creatures vanquished.

Notes
Turn   | Place    | Note
--------------------------------------------------------------
     0 | D:1      | Gorice, the Formicid Wanderer, began the quest for the Orb.
     0 | D:1      | Gorice set off with: a +2 hand crossbow, 24 bolts, Alistair's Papyrus of Contamination, a potion of lignification {!q}, a +0 robe, a bread ration {!e}
     0 | D:1      | Reached XP level 1. HP: 16/16 MP: 2/2
     0 | D:1      | Identified Alistair's Papyrus of Contamination
    60 | D:1      | Reached XP level 2. HP: 22/22 MP: 3/3
    63 | D:1      | Learned a level 1 spell: Sting
    66 | D:1      | Learned a level 2 spell: Cure Poison
   405 | D:1      | Reached skill level 4 in Crossbows
   405 | D:1      | Reached XP level 3. HP: 27/27 MP: 4/4
  1031 | D:2      | Found a bloodstained altar of Trog.
  1420 | D:2      | Reached XP level 4. HP: 33/33 MP: 5/5
  1991 | D:3      | Found a glowing golden altar of the Shining One.
  2037 | D:3      | Reached skill level 5 in Crossbows
  2105 | D:3      | Reached XP level 5. HP: 29/38 MP: 6/6
  2335 | D:3      | HP: 9/38 [jackal (3)]
  2343 | D:3      | HP: 7/38 [jackal (1)]
  2350 | D:3      | HP: 4/38 [jackal (1)]
  2430 | D:3      | HP: 10/38 [jackal (3)]
  2535 | D:3      | Reached skill level 3 in Poison Magic
  2609 | D:4      | Found a blossoming altar of Fedhas.
  2698 | D:4      | Found Toge's Magic Scroll Shop.
  2707 | D:4      | Bought a scroll of remove curse for 42 gold pieces
  2833 | D:4      | Found a blossoming altar of Fedhas.
  2853 | D:4      | Noticed an ogre
  2855 | D:4      | HP: 11/38 [ogre/giant spiked club (19)]
  2859 | D:4      | Slain by an ogre

Action                   |  1- 3 |  4- 6 || total
-------------------------+-------+-------++-------
Melee: Flail             |       |    57 ||    57
       Unarmed           |       |    38 ||    38
 Fire: Hand crossbow     |    74 |    74 ||   148
Throw: Tomahawk          |       |     8 ||     8
       Stone             |       |     1 ||     1
 Cast: Sting             |       |     1 ||     1
  Use: Scroll            |     2 |     5 ||     7
  Eat: Chunk             |     1 |     5 ||     6

Table legend:
 A = Turns spent in this place as a percentage of turns spent in the entire game.
 B = Non-inter-level travel turns spent in this place as a percentage of non-inter-level travel turns spent in the entire game.
 C = Inter-level travel turns spent in this place as a percentage of turns spent in this place.
 D = Turns resting spent in this place as a percentage of non-inter-level travel turns spent in this place.
 E = Turns spent auto-exploring this place as a percentage of non-inter-level travel turns spent in this place.
 F = Non-inter-level travel turns spent in this place divided by the number of levels of this place that you've seen.
                   A       B       C       D       E      F
               +-------+-------+-------+-------+-------+----------------------
         Total | 100.0 | 100.0 |   0.3 |   0.2 |   5.1 | 298.0
       Dungeon | 100.0 | 100.0 |   0.3 |   0.2 |   5.1 | 298.0
               +-------+-------+-------+-------+-------+----------------------

Vault maps used:
D:1:      dpeg_arrival_connections
D:2:      lemuel_coloured_pillars_altar
D:3:      lemuel_castle_with_subvaults, lemuel_crystal_altar
D:4:      lemuel_crystal_altar, minmay_temple_entry_water_ring, first_bread,
          serial_shops, shop, shop, kennysheep_mini_moat, fedhas_altar_1
